[Event "Team 45 45 League T65"]
[Site "Internet Chess Club"]
[Date "2015.06.18"]
[Round "3"]
[White "RazorBladeTeddy"]
[Black "SlimeDog2"]
[Result "1/2-1/2"]
[WhiteElo "1958"]
[BlackElo "2044"]
[Opening "Grünfeld with Bf4 & e3"]
[ECO "D93"]
[Time "22:00:12"]
[TimeControl "2700+45"]

1. d4 Nf6 2. c4 g6 3. Nc3 d5 4. Nf3 Bg7 5. Bf4 O-O 6. e3 c5 7. dxc5 Qa5 8. Rc1
dxc4 9. Bxc4 Qxc5 10. Bb3 Nc6 11. O-O Qa5 12. h3 Bf5 13. Qe2 Ne4 14. Nd5 e5 15.
Rxc6 bxc6 16. Ne7+ Kh8 17. Nxc6 Qb6 18. Ncxe5 Be6 19. Nd4 Bxb3 20. axb3 Qb7 21.
Ra1 Rac8 22. h4 Rfe8 23. Nef3 Rc5 24. b4 Qxb4 25. Rxa7 Rc1+ 26. Kh2 Rb1 27. Qc2
Rxb2 28. Qc6 Qf8 29. Qd5 Nf6 30. Qc4 Rc8 31. Nc6 Ng4+ 32. Kg3 Qe8 33. Kxg4 Rxc6
34. Qa4 Rc8 35. Qa6 Rxf2 36. Kg3 Rfc2 37. Ng5 Qc6 38. Nxf7+ Kg8 39. Qxc6 R2xc6
40. Kg4 Re8 41. g3 Bf8 42. Kf3 Re7 43. Nh6+ Kg7 44. Ra5 Rd7 45. Ng4 Bd6 46. Bh6+
Kf7 47. Rd5 Ke6 48. Rd4 Rf7+ 49. Bf4 Bxf4 50. gxf4 Ra7 51. Rb4 Rc1 52. Rb6+ Ke7
53. Nf6 Rh1 54. Nxh7 Rxh4 55. Ng5 Rh6 56. f5 Ra5 57. f6+ Kd7 58. Kg4 Rh5 59. Nf3
Ra4+ 60. Kg3 Rf5 61. Nd4 Rf1 62. Kg2 Raa1 63. Nf3 Kc7 64. Re6 Kd7 65. Re7+ Kd8
66. Re6 Kd7 67. Rb6 Kc7 68. Rb2 Kd6 69. e4 Rfb1 70. e5+ Ke6 71. Re2 Rb8 72. Nd4+
Kd5 73. e6 Kxd4 74. e7 Raa8 75. f7 Re8 76. Kg3 Kd5 77. Kg4 Kd6 78. fxe8=Q Rxe8
79. Kg5 Rxe7 80. Rxe7 Kxe7 81. Kxg6 {Game drawn because neither player has
mating material} 1/2-1/2

[Event "Team 45 45 League T65"]
[Site "Internet Chess Club"]
[Date "2015.06.21"]
[Round "3"]
[White "gtmorton"]
[Black "Pomberito"]
[Result "1/2-1/2"]
[WhiteElo "2011"]
[BlackElo "2053"]
[Opening "Queen's pawn: Torre attack"]
[ECO "A46"]
[Time "20:00:35"]
[TimeControl "2700+45"]

1. d4 Nf6 2. Nf3 e6 3. Bg5 d5 4. e3 Be7 5. Bd3 c5 6. c3 Nc6 7. Nbd2 b6 8. Ne5
Nxe5 9. dxe5 Nd7 10. Bxe7 Qxe7 11. f4 Bb7 12. Nf3 f6 13. exf6 gxf6 14. Qe2 O-O-O
15. O-O-O Kb8 16. Ba6 Bxa6 17. Qxa6 Qd6 18. g3 Qc6 19. Qe2 b5 20. Nd2 Nb6 21.
Rhe1 Rd7 22. Kb1 Rhd8 23. Nb3 Nc4 24. e4 d4 25. cxd4 cxd4 26. Qd3 e5 27. Rc1 Qb6
28. f5 Rc8 29. g4 Rdc7 30. h4 h6 31. Rg1 a5 32. Nd2 a4 33. Nxc4 bxc4 34. Qa3 c3
35. Ka1 c2 36. Rg3 Qb5 37. b3 Rc3 38. Rxc3 Rxc3 39. Kb2 axb3 40. axb3 Rc5 41.
Rxc2 Rxc2+ 42. Kxc2 Qe2+ 43. Kc1 Qe3+ 44. Kb2 Qe2+ 45. Kc1 Qe1+ 46. Kb2 Qxh4 47.
Qb4+ Kc7 48. Qc4+ Kb6 49. Qb4+ Kc6 50. Qc4+ Kb6 51. Qb4+ Kc6 52. Qc4+ Kb6 {Game
drawn by repetition} 1/2-1/2

[Event "Team 45 45 League T65"]
[Site "Internet Chess Club"]
[Date "2015.06.20"]
[Round "3"]
[White "Knight77"]
[Black "Gilligan"]
[Result "0-1"]
[WhiteElo "1713"]
[BlackElo "2036"]
[Opening "Réti: King's Indian attack (Barcza system)"]
[ECO "A07"]
[Time "10:01:40"]
[TimeControl "2700+45"]

1. Nf3 d5 2. g3 Nf6 3. Bg2 c5 4. O-O Nc6 5. d3 e6 6. Nbd2 Be7 7. e4 O-O 8. e5
Nd7 9. Re1 b5 10. c3 a5 11. Qe2 Ba6 12. Nf1 b4 13. g4 a4 14. Ng3 a3 15. Bf4 axb2
16. Qxb2 Bxd3 17. Re3 bxc3 18. Qb7 Na5 {White resigns} 0-1

[Event "Team 45 45 League T65"]
[Site "Internet Chess Club"]
[Date "2015.06.22"]
[Round "3"]
[White "qlwqznzn"]
[Black "gump12345"]
[Result "0-1"]
[WhiteElo "2256"]
[BlackElo "2015"]
[Opening "Scotch game"]
[ECO "C45"]
[Time "22:17:33"]
[TimeControl "2700+45"]

1. e4 e5 2. Nf3 Nc6 3. d4 exd4 4. Nxd4 Bb4+ 5. c3 Bc5 6. Be3 Bb6 7. Nd2 Nf6 8.
Be2 O-O 9. O-O Re8 10. Bf3 Ne5 11. Bg5 h6 12. Bh4 d6 13. Qc2 g5 14. Bg3 Nxf3+
15. N4xf3 Nxe4 16. Nxe4 Bf5 17. Rfe1 d5 18. Ne5 Bxe4 19. Qe2 f6 20. Ng4 Kg7 21.
Ne3 Qd7 22. Rad1 Qf7 23. Qd2 Rad8 24. f3 Bg6 25. Bf2 c6 26. g4 Bc7 27. Bg3 Ba5
28. Nc2 Rxe1+ 29. Rxe1 d4 30. b4 dxc3 31. Qxc3 Bb6+ 32. Kh1 Rd3 33. Qb2 Rd2
{White resigns} 0-1

[Event "Team 45 45 League T65"]
[Site "Internet Chess Club"]
[Date "2015.06.20"]
[Round "3"]
[White "ArturitoGalacti"]
[Black "Percival"]
[Result "0-1"]
[WhiteElo "1993"]
[BlackElo "2173"]
[Opening "Réti: Nimzovich-Larsen attack"]
[ECO "A06"]
[Time "17:00:23"]
[TimeControl "2700+45"]

1. Nf3 d5 2. b3 Bf5 3. Bb2 h6 4. g3 e6 5. Bg2 Nf6 6. O-O Be7 7. d3 O-O 8. Nbd2
Nbd7 9. Re1 Bh7 10. e4 c6 11. Qe2 Re8 12. e5 Nh5 13. Nd4 g6 14. Bf3 Ng7 15. c4
Nxe5 16. Qxe5 Bf6 17. Qe3 c5 18. Nxe6 Rxe6 19. Bxf6 Qxf6 20. Qxc5 Rae8 21. Rec1
dxc4 22. dxc4 b6 23. Qb4 a5 24. Qb5 Nf5 25. Bg4 Nd4 26. Qd5 Re5 27. Qg2 Ne2+ 28.
Bxe2 Rxe2 29. Nf3 g5 30. Ne1 Qxa1 31. Rxa1 Rxe1+ 32. Qf1 Rxf1+ 33. Kxf1 Bd3+ 34.
Kg2 Re2 35. Rd1 Be4+ 36. Kf1 Rxa2 37. Rd6 Bf3 38. Ke1 Ra1+ {White resigns} 0-1

[Event "Team 45 45 League T65"]
[Site "Internet Chess Club"]
[Date "2015.06.21"]
[Round "3"]
[White "jt2000"]
[Black "dmarcolino"]
[Result "1-0"]
[WhiteElo "2097"]
[BlackElo "1953"]
[Opening "Sicilian: Taimanov (Bastrikov) variation"]
[ECO "B47"]
[Time "11:38:57"]
[TimeControl "2700+45"]

1. e4 c5 2. Nf3 e6 3. d4 cxd4 4. Nxd4 Nc6 5. Nc3 Qc7 6. Be2 a6 7. O-O Nf6 8. Kh1
Bb4 9. Nxc6 dxc6 10. Qd3 b5 11. f4 Bb7 12. Bf3 Rd8 13. Qe3 c5 14. a4 Qb6 15. e5
Bxc3 16. bxc3 Bxf3 17. Qxf3 Nd5 18. f5 exf5 19. Qxf5 O-O 20. axb5 axb5 21. Bg5
f6 22. exf6 Nxf6 23. Rae1 Rd5 24. Qf3 Qd6 25. Bf4 Qd7 26. Be5 Qe6 27. Bxf6 Rxf6
28. Rxe6 Rxf3 29. gxf3 {Black resigns} 1-0

[Event "Team 45 45 League T65"]
[Site "Internet Chess Club"]
[Date "2015.06.20"]
[Round "3"]
[White "charles-allen"]
[Black "Babaliyev"]
[Result "1-0"]
[WhiteElo "1841"]
[BlackElo "1980"]
[Opening "Vienna game"]
[ECO "C25"]
[Time "08:00:17"]
[TimeControl "2700+45"]

1. e4 e5 2. Nc3 Bb4 3. Nf3 d6 4. d4 Qe7 5. dxe5 dxe5 6. Bd2 Nf6 7. Bb5+ c6 8.
Bd3 h6 9. O-O Bg4 10. Qe2 Nbd7 11. a3 Bd6 12. b4 Nf8 13. Nd1 Ne6 14. c3 g5 15.
h3 Bh5 16. g3 Rg8 17. Ne3 Nf4 18. gxf4 gxf4+ 19. Ng2 O-O-O 20. Kh2 Qd7 21. Ngh4
Bg4 22. hxg4 Nxg4+ 23. Kh1 Ne3 24. fxe3 Rg3 25. Nf5 Rdg8 26. Nh2 Rg2 27. Rf2
R2g6 28. exf4 h5 29. Nf3 exf4 30. Rg1 Rg4 31. Nxd6+ Qxd6 32. Rxg4 hxg4 33. Nd4
Rh8+ 34. Rh2 Rg8 35. Nf5 Qe5 36. Bxf4 Qxf4 37. Ne7+ Kc7 38. Nxg8 Qg5 39. Nh6 g3
40. Rh5 Qc1+ 41. Qf1 Qxc3 42. Qf4+ Kb6 43. Qe3+ Kc7 44. Qxg3+ Kb6 45. Qf2+ Kc7
46. Qxf7+ Kb6 47. Qf1 Qxa3 48. b5 c5 49. Nf7 Qb3 50. Nd6 Qb2 {Black resigns} 1-0

[Event "Team 45 45 League T65"]
[Site "Internet Chess Club"]
[Date "2015.06.19"]
[Round "3"]
[White "Woss"]
[Black "imgr8"]
[Result "1-0"]
[WhiteElo "2222"]
[BlackElo "2201"]
[Opening "Sicilian: Boleslavsky, Louma variation"]
[ECO "B58"]
[Time "09:25:25"]
[TimeControl "2700+45"]

1. e4 c5 2. Nf3 Nc6 3. d4 cxd4 4. Nxd4 Nf6 5. Nc3 d6 6. Be2 e5 7. Nxc6 bxc6 8.
O-O Be7 9. Qd3 O-O 10. Rd1 Qc7 11. Qg3 Rd8 12. Bh6 Ne8 13. Bc4 Bf8 14. Rd3 Rb8
15. Bb3 Be6 16. Bxe6 fxe6 17. b3 Nf6 18. Bg5 Be7 19. Qh3 Qd7 20. Re1 Rb4 21. a3
Rd4 22. Rg3 Rf8 23. Be3 Nxe4 24. Nxe4 Rxe4 25. Rxg7+ Kxg7 26. Bh6+ Kh8 27. Rxe4
Rg8 28. Rg4 Qe8 29. Rxg8+ Qxg8 30. Qc3 Qg4 31. h3 Qe4 32. Qa5 Qxc2 33. Qxa7 Qg6
34. Qa8+ Qg8 35. Qxc6 Qd8 36. a4 Kg8 37. a5 Kf7 38. a6 Qa5 39. Qb7 Kg6 40. Qxe7
Kxh6 41. Qxe6+ Kg5 42. Qxd6 e4 43. Qe7+ Kh6 44. a7 Qc3 45. Qf8+ {Black resigns}
1-0

[Event "Team 45 45 League T65"]
[Site "Internet Chess Club"]
[Date "2015.06.18"]
[Round "3"]
[White "juniorVishy"]
[Black "BigH"]
[Result "1-0"]
[WhiteElo "2018"]
[BlackElo "1979"]
[Opening "Queen's pawn: Keres defense"]
[ECO "A40"]
[Time "12:05:40"]
[TimeControl "2700+45"]

1. d4 e6 2. c4 b6 3. Nf3 Bb7 4. a3 f5 5. Nc3 Nf6 6. g3 Be7 7. Bg2 Ne4 8. Qc2
Nxc3 9. Qxc3 Bf6 10. O-O c5 11. Be3 Qc7 12. Rfd1 O-O 13. Rac1 d6 14. Qd2 Be4 15.
Bf4 e5 16. dxe5 dxe5 17. Nxe5 {Black resigns} 1-0

[Event "Team 45 45 League T65"]
[Site "Internet Chess Club"]
[Date "2015.06.22"]
[Round "3"]
[White "otherook"]
[Black "Heian"]
[Result "1-0"]
[WhiteElo "1730"]
[BlackElo "1800"]
[Opening "English: Anglo-Dutch defense"]
[ECO "A10"]
[Time "17:00:37"]
[TimeControl "2700+45"]

1. c4 f5 2. Nf3 e6 3. g3 Nf6 4. Bg2 d5 5. cxd5 exd5 6. Nc3 c6 7. d4 Bd6 8. O-O
O-O 9. e3 Ne4 10. Bd2 Nd7 11. Ne2 Ng5 12. Nc1 Nxf3+ 13. Bxf3 Nf6 14. Nd3 Ne4 15.
b4 Qe7 16. a4 Bd7 17. Nc5 b6 18. Nxd7 Nxd2 19. Qxd2 Qxd7 20. b5 Kh8 21. bxc6
Qxc6 22. Qa2 Rac8 23. Qxd5 Qxd5 24. Bxd5 Rc7 25. Rfc1 Rfc8 26. Rxc7 Rxc7 27. Kg2
g6 28. h4 Kg7 29. Ra2 Kf6 30. Kf3 h6 31. Bb3 g5 32. hxg5+ hxg5 33. Rc2 Rxc2 34.
Bxc2 a6 35. Bd3 a5 36. g4 f4 37. Ke4 fxe3 38. fxe3 Bb4 39. Kd5 Bd2 40. e4 Be3
41. e5+ Ke7 42. Ke4 Bf2 43. Bb5 Bg1 44. d5 Bc5 45. Kf5 Bd4 46. d6+ Kf7 47. e6+
Kg7 48. e7 {Black resigns} 1-0

[Event "Team 45 45 League T65"]
[Site "Internet Chess Club"]
[Date "2015.06.20"]
[Round "3"]
[White "kabindra"]
[Black "Lrn2Mate"]
[Result "1-0"]
[WhiteElo "1744"]
[BlackElo "1633"]
[Opening "Scandinavian (center counter) defense"]
[ECO "B01"]
[Time "09:39:30"]
[TimeControl "2700+45"]

1. e4 d5 2. exd5 Qxd5 3. Nc3 Qd8 4. d4 Nf6 5. h3 Nc6 6. Nf3 e6 7. Bd3 Be7 8. O-O
O-O 9. a3 Kh8 10. Be3 b6 11. Qe2 Bb7 12. Rad1 Bd6 13. Bg5 h6 14. Bh4 Be7 15. Bg3
Nd5 16. Ne4 a6 17. h4 b5 18. Nc5 Bxc5 19. dxc5 Qe7 20. Ng5 Qxc5 21. Qh5 Qe7 22.
Ne4 Nf6 23. Nxf6 Qxf6 24. Bxc7 Qxb2 25. Bd6 Rfd8 26. Qxf7 Qf6 27. Qxb7 Nd4 28.
Be7 Qf7 29. Qe4 Nf5 30. Bxd8 Rxd8 31. Rfe1 Re8 32. g3 g6 33. Qg4 Qf6 34. h5 Nd4
35. Qxg6 Nf3+ 36. Kh1 Qxg6 37. Bxg6 Nxe1 38. Bxe8 Nf3 39. Rd6 {Black resigns}
1-0

[Event "Team 45 45 League T65"]
[Site "Internet Chess Club"]
[Date "2015.06.20"]
[Round "3"]
[White "parrot9"]
[Black "QuieroAprender"]
[Result "0-1"]
[WhiteElo "1605"]
[BlackElo "1671"]
[Opening "Ruy Lopez: Archangelsk (counterthrust) variation"]
[ECO "C78"]
[Time "13:13:37"]
[TimeControl "2700+45"]

1. e4 e5 2. Nf3 Nc6 3. Bb5 a6 4. Ba4 Nf6 5. O-O b5 6. Bb3 Bb7 7. Re1 Bc5 8. c3
d6 9. d4 Ba7 10. Bg5 h6 11. Bh4 O-O 12. a4 g5 13. axb5 axb5 14. Nxg5 hxg5 15.
Bxg5 exd4 16. Qf3 Ne5 17. Qf5 Qd7 18. Bxf6 Qxf5 19. exf5 dxc3 20. Bxe5 dxe5 21.
Nxc3 b4 22. Nd5 Bd4 23. Nxc7 Rxa1 24. Rxa1 Bxb2 25. Ra7 Rb8 26. Ne8 Bd4 27.
Bxf7+ Kxf7 28. Nd6+ Ke7 29. Rxb7+ Rxb7 30. Nxb7 b3 {White resigns} 0-1

[Event "Team 45 45 League T65"]
[Site "Internet Chess Club"]
[Date "2015.06.21"]
[Round "3"]
[White "Andressa"]
[Black "Invicta-Knight"]
[Result "0-1"]
[WhiteElo "1445"]
[BlackElo "1671"]
[Opening "Scandinavian: Pytel-Wade variation"]
[ECO "B01"]
[Time "09:26:41"]
[TimeControl "2700+45"]

1. e4 d5 2. exd5 Qxd5 3. Nc3 Qd6 4. Nf3 e5 5. d3 Bg4 6. h3 Bh5 7. Be2 Nf6 8. O-O
Nc6 9. Ne4 Nxe4 10. dxe4 O-O-O 11. Qxd6 Rxd6 12. c3 h6 13. g4 Bg6 14. Nd2 Be7
15. f3 h5 16. Nc4 Rdd8 17. Kg2 hxg4 18. hxg4 Rh7 19. Rh1 Rxh1 20. Kxh1 Rh8+ 21.
Kg2 Bh7 22. b4 a6 23. a4 f6 24. b5 axb5 25. axb5 Nb8 26. Ne3 Bg8 27. Nf5 Bf8 28.
Ba3 Bxa3 29. Rxa3 g5 30. Ne7+ Kd7 31. Nxg8 Rxg8 32. c4 Kd6 33. Rd3+ Kc5 34. Rd5+
Kb4 35. Kf2 Rg7 36. c5 Rd7 37. c6 bxc6 38. bxc6 Rxd5 39. exd5 Kc5 {White
resigns} 0-1

[Event "Team 45 45 League T65"]
[Site "Internet Chess Club"]
[Date "2015.06.21"]
[Round "3"]
[White "Skeptic1972"]
[Black "chessabc"]
[Result "0-1"]
[WhiteElo "1516"]
[BlackElo "1866"]
[Opening "Alekhine's defense: modern variation"]
[ECO "B04"]
[Time "14:01:08"]
[TimeControl "2700+45"]

1. e4 Nf6 2. e5 Nd5 3. d4 d6 4. Nf3 Bf5 5. c4 Nb6 6. Nc3 Nc6 7. Bf4 e6 8. Be2
dxe5 9. dxe5 Qxd1+ 10. Rxd1 Bb4 11. Bd2 O-O-O 12. a3 Be7 13. O-O Na5 14. Nb5
Naxc4 15. Bxc4 Nxc4 16. Nxa7+ Kb8 17. Nb5 Bd3 18. Rfe1 Nxb2 19. Rc1 Bxb5 {White
resigns} 0-1

[Event "Team 45 45 League T65"]
[Site "Internet Chess Club"]
[Date "2015.06.20"]
[Round "3"]
[White "Portola"]
[Black "nidusin2"]
[Result "1/2-1/2"]
[WhiteElo "1772"]
[BlackElo "1584"]
[Opening "Queen's pawn game"]
[ECO "A45"]
[Time "09:00:14"]
[TimeControl "2700+45"]

1. d4 Nf6 2. c3 e6 3. Nf3 d5 4. Bg5 Be7 5. e3 O-O 6. Nbd2 b6 7. Bd3 Nbd7 8. Qe2
h6 9. Bh4 Bb7 10. O-O Rc8 11. e4 dxe4 12. Nxe4 Nh5 13. Bxe7 Qxe7 14. g3 Nhf6 15.
Rfe1 Rfe8 16. Nxf6+ Nxf6 17. Ne5 Qd6 18. f3 c5 19. dxc5 Qxc5+ 20. Kg2 Red8 21.
Rad1 Rd6 22. Qf2 Qc7 23. Qe3 Rcd8 24. h3 Rd5 25. Bc2 Rxd1 26. Rxd1 Rxd1 27. Bxd1
Qd6 28. Bc2 Nd7 29. Nxd7 Qxd7 30. Qd3 Qxd3 31. Bxd3 Bd5 32. a3 Kf8 33. h4 g5 34.
hxg5 hxg5 35. Kf2 Ke7 36. Ke3 Kd6 37. f4 gxf4+ 38. gxf4 f6 39. Kd4 e5+ 40. fxe5+
fxe5+ 41. Ke3 a5 42. b4 axb4 43. axb4 Bc6 44. Bc4 Bd5 45. Bd3 {Game drawn by
mutual agreement} 1/2-1/2

[Event "Team 45 45 League T65"]
[Site "Internet Chess Club"]
[Date "2015.06.21"]
[Round "3"]
[White "Insan996"]
[Black "rubo"]
[Result "1-0"]
[WhiteElo "1619"]
[BlackElo "1636"]
[Opening "King's Indian: East Indian defense"]
[ECO "A48"]
[Time "17:01:38"]
[TimeControl "2700+45"]

1. d4 Nf6 2. Nf3 g6 3. e3 Bg7 4. Be2 O-O 5. b3 c5 6. Bb2 Ne4 7. O-O Qa5 8. c4 e6
9. Qc2 d5 10. Nc3 Nxc3 11. Bxc3 Qc7 12. Rac1 cxd4 13. Nxd4 dxc4 14. Bxc4 Nc6 15.
Nxc6 Qxc6 16. Bxg7 Kxg7 17. Qb2+ Kg8 18. Rfd1 b5 19. Be2 Qb6 20. Bf3 Bb7 21. Qf6
Bxf3 22. Qxf3 Rac8 23. h3 Rc7 24. Qf6 Qb8 25. Qd4 Rfc8 26. Rxc7 Qxc7 27. Qd7
Qxd7 28. Rxd7 a6 29. Rd6 Ra8 30. Kf1 Kf8 31. Ke2 Ke7 32. Rc6 Kd7 33. Rc3 b4 34.
Rc4 a5 35. g3 h5 36. f4 Ra6 37. Kd3 Rd6+ 38. Rd4 f5 39. Rxd6+ Kxd6 40. Kd4 e5+
41. fxe5+ Ke6 42. e4 h4 43. exf5+ Kxf5 44. gxh4 Ke6 45. Ke4 Ke7 46. Kd5 Kd7 47.
e6+ Ke8 48. Kd6 Kd8 49. e7+ Ke8 50. Ke6 g5 51. hxg5 a4 52. Kd6 axb3 53. axb3
{Black resigns} 1-0

[Event "Team 45 45 League T65"]
[Site "Internet Chess Club"]
[Date "2015.06.20"]
[Round "3"]
[White "g8wrb"]
[Black "Ajolote"]
[Result "0-1"]
[WhiteElo "1315"]
[BlackElo "1688"]
[Opening "Sicilian: Alapin's variation (2.c3)"]
[ECO "B22"]
[Time "12:25:07"]
[TimeControl "2700+45"]

1. e4 c5 2. c3 Nc6 3. d4 cxd4 4. cxd4 d6 5. Nf3 Bg4 6. Be2 Bxf3 7. Bxf3 Nf6 8.
O-O g6 9. Nc3 Bg7 10. Be3 O-O 11. Rc1 Rc8 12. Qd3 a6 {White forfeits on time}
0-1

[Event "Team 45 45 League T65"]
[Site "Internet Chess Club"]
[Date "2015.06.20"]
[Round "3"]
[White "RUPIS"]
[Black "SAC2001"]
[Result "0-1"]
[WhiteElo "1603"]
[BlackElo "1771"]
[Opening "Two knights defense (Modern bishop's opening)"]
[ECO "C55"]
[Time "11:30:55"]
[TimeControl "2700+45"]

1. e4 e5 2. Nf3 Nc6 3. Bc4 Nf6 4. d3 d6 5. Nc3 Be7 6. Be3 O-O 7. h3 Na5 8. Bb3
Nxb3 9. axb3 c5 10. O-O Be6 11. Qd2 Qd7 12. Ng5 h6 13. Nxe6 fxe6 14. Qe2 d5 15.
Na4 d4 16. Bd2 b5 17. Nxc5 Bxc5 18. f4 exf4 19. Bxf4 Qe7 20. Qf3 e5 21. Bd2 a6
22. Qg3 Kh7 23. Qh4 Nd7 24. Qg4 Rxf1+ 25. Rxf1 Rf8 26. Rxf8 Nxf8 27. Qf5+ Ng6
28. Qc8 Qd6 29. Qa8 Nh4 30. Be1 Ng6 31. Qc8 Ne7 32. Qg4 Bb4 33. Bg3 Ng6 34. Qf5
Qc5 35. Qf2 a5 36. c3 dxc3 37. bxc3 Qxf2+ 38. Bxf2 Bxc3 39. Bc5 Bd4+ 40. Bxd4
exd4 41. Kf2 a4 42. bxa4 bxa4 43. Kf3 a3 44. Kg3 a2 45. e5 a1=Q 46. e6 Qc1 47.
Kh2 Qf4+ 48. Kg1 Qg3 49. e7 Nf4 50. e8=Q Qxg2# {White checkmated} 0-1

[Event "Team 45 45 League T65"]
[Site "Internet Chess Club"]
[Date "2015.06.22"]
[Round "3"]
[White "qingjoshua"]
[Black "hudson"]
[Result "1/2-1/2"]
[WhiteElo "1694"]
[BlackElo "1622"]
[Opening "French: Tarrasch, closed variation"]
[ECO "C05"]
[Time "23:00:24"]
[TimeControl "2700+45"]

1. e4 e6 2. d4 d5 3. Nd2 Nf6 4. e5 Nfd7 5. Bd3 c5 6. c3 Nc6 7. Ne2 Qb6 8. Nf3
cxd4 9. cxd4 f6 10. exf6 Nxf6 11. O-O Bd6 12. b3 O-O 13. Be3 Qc7 14. h3 Bd7 15.
Qd2 Rae8 16. Rac1 Qb8 17. Bf4 e5 18. dxe5 Nxe5 19. Nxe5 Bxe5 20. Bxe5 Qxe5 21.
Rfe1 Bf5 22. Bxf5 Qxf5 23. Rc7 Ne4 24. Qb2 Qxf2+ 25. Kh2 Nf6 26. Qd2 Re5 27.
Rcc1 Ne4 28. Qd4 Qf6 29. Rf1 Rf5 30. Rxf5 Qxf5 31. Rc7 Rf7 32. Rxf7 Kxf7 33.
Qxa7 Qe5+ 34. g3 Nc5 35. Qxc5 Qxe2+ 36. Kh1 Qf1+ 37. Kh2 Qe2+ 38. Kh1 Qe4+ 39.
Kh2 d4 40. Qc7+ Kf6 41. Qd8+ Ke5 42. Qe7+ {Game drawn by mutual agreement}
1/2-1/2

[Event "Team 45 45 League T65"]
[Site "Internet Chess Club"]
[Date "2015.06.19"]
[Round "3"]
[White "skuhl99"]
[Black "gyu123987kool"]
[Result "0-1"]
[WhiteElo "1437"]
[BlackElo "1688"]
[Opening "English opening"]
[ECO "A05"]
[Time "23:00:23"]
[TimeControl "2700+45"]

1. Nf3 Nf6 2. c4 g6 3. g3 Bg7 4. Bg2 O-O 5. O-O d5 6. d3 c6 7. Nbd2 Nbd7 8. Rb1
e5 9. b4 Re8 10. cxd5 cxd5 11. Bb2 Qe7 12. a3 e4 13. dxe4 dxe4 14. Ng5 e3 15.
Nc4 exf2+ 16. Rxf2 h6 17. Nd6 hxg5 18. Nxe8 Nxe8 19. Bxg7 Nxg7 20. Bd5 Nf6 21.
Ba2 Bf5 22. Rc1 Rd8 23. Qa4 Qe3 24. Re1 Ne4 {White resigns} 0-1

[Event "Team 45 45 League T65"]
[Site "Internet Chess Club"]
[Date "2015.06.20"]
[Round "3"]
[White "ahxm"]
[Black "OhmX"]
[Result "0-1"]
[WhiteElo "1351"]
[BlackElo "1413"]
[Opening "French: Tarrasch, closed variation"]
[ECO "C05"]
[Time "17:00:20"]
[TimeControl "2700+45"]

1. e4 e6 2. d4 d5 3. Nd2 Nf6 4. Bd3 c5 5. exd5 Nxd5 6. Nb3 cxd4 7. Nxd4 Qb6 8.
Bb5+ Bd7 9. Bxd7+ Nxd7 10. Ngf3 Bc5 11. O-O O-O 12. Nb3 N7f6 13. Nxc5 Qxc5 14.
Ne5 Rfd8 15. Nd3 Qc6 16. Qd2 Rac8 17. c3 Ng4 18. Qe2 Ndf6 19. Nb4 Qc7 20. Bg5
Qxh2# {White checkmated} 0-1

[Event "Team 45 45 League T65"]
[Site "Internet Chess Club"]
[Date "2015.06.19"]
[Round "3"]
[White "Packerfan"]
[Black "zap2"]
[Result "1/2-1/2"]
[WhiteElo "1655"]
[BlackElo "1725"]
[Opening "Philidor: Improved Hanham variation"]
[ECO "B07"]
[Time "10:42:40"]
[TimeControl "2700+45"]

1. e4 d6 2. d4 Nf6 3. Nc3 e5 4. Nf3 Nbd7 5. Bc4 Be7 6. O-O O-O 7. Re1 c6 8. Bg5
b5 9. Bb3 Bb7 10. a3 a6 11. Qd2 h6 12. Bh4 c5 13. dxe5 Nxe5 14. Nxe5 dxe5 15.
Qxd8 Raxd8 16. Bxf6 Bxf6 17. Bd5 Bc8 18. Rad1 Bg4 19. f3 Bc8 20. g3 Be7 21. Kg2
b4 22. axb4 cxb4 23. Na4 Bd7 24. Nb6 Bb5 25. Nc4 Rxd5 26. exd5 Bxc4 27. d6 Bf6
28. Re4 Bb5 29. Rxb4 Bd8 30. c4 Ba5 31. Rxb5 axb5 32. c5 Rc8 33. Rc1 Rc6 34. Ra1
Rxc5 35. Rxa5 Rd5 36. Ra6 f6 37. Kf2 Kf7 38. Ke3 Ke6 39. Rb6 h5 40. h4 g5 41.
d7+ Kxd7 42. Rxf6 gxh4 43. gxh4 Rd4 44. Rh6 Rxh4 45. Kd3 Rd4+ 46. Kc3 b4+ 47.
Kb3 h4 48. Kc2 Ke7 49. Kb3 Kf7 50. Ka4 Kg7 51. Re6 h3 52. Rxe5 Rh4 53. Re1 h2
54. Rh1 Kf6 55. f4 Kf5 56. Kxb4 Kxf4 57. Kc5 Kg3 58. b4 Kg2 59. Rxh2+ Rxh2 60.
b5 Kf3 61. b6 Rb2 62. Kc6 Rc2+ 63. Kd7 Rd2+ 64. Kc6 Rc2+ 65. Kd7 Ke4 66. b7 Rb2
67. Kc7 {Game drawn by mutual agreement} 1/2-1/2

[Event "Team 45 45 League T65"]
[Site "Internet Chess Club"]
[Date "2015.06.22"]
[Round "3"]
[White "Chesslov"]
[Black "clarinetref"]
[Result "0-1"]
[WhiteElo "1517"]
[BlackElo "1606"]
[Opening "Sicilian"]
[ECO "B50"]
[Time "10:04:08"]
[TimeControl "2700+45"]

1. e4 c5 2. Nf3 d6 3. Bc4 e6 4. c3 Nf6 5. e5 dxe5 6. Nxe5 Nc6 7. Nxc6 bxc6 8. d3
Be7 9. O-O Nd5 10. Na3 O-O 11. Nc2 a5 12. a3 Ba6 13. Bxa6 Rxa6 14. c4 Nf6 15.
Ne3 Rb6 16. Rb1 Qd6 17. Qd2 Rd8 18. Rd1 Rb3 19. Qe2 Rxd3 20. Rxd3 Qxd3 21. Qxd3
Rxd3 22. Nf1 Rd1 23. f4 Ne4 24. b3 Nd2 25. Bxd2 Rxb1 26. Kf2 Rxb3 27. Bxa5 Rxa3
28. Bd2 Bf6 29. h3 Bd4+ 30. Ke2 Ra4 31. Kd3 Ra3+ 32. Ke2 f6 33. Bc1 Ra2+ 34. Nd2
Kf7 35. Kd3 g6 36. Nb3 Bg1 37. Nd2 e5 38. fxe5 fxe5 39. Ne4 Rxg2 40. Nd6+ Ke6
41. Nb7 Rg3+ 42. Ke4 Rc3 43. Bg5 Rxc4+ 44. Kf3 e4+ 45. Kg2 Bd4 46. Nd8+ Kd7 47.
Nxc6 Kxc6 {White resigns} 0-1

[Event "Team 45 45 League T65"]
[Site "Internet Chess Club"]
[Date "2015.06.22"]
[Round "3"]
[White "tryanything"]
[Black "hondocando"]
[Result "0-1"]
[WhiteElo "1619"]
[BlackElo "1545"]
[Opening "Queen's pawn game"]
[ECO "A46"]
[Time "05:08:39"]
[TimeControl "2700+45"]

1. d4 Nf6 2. Nf3 d6 3. Bf4 b6 4. e3 Bb7 5. Bd3 Nbd7 6. O-O e6 7. Nbd2 Be7 8. h3
O-O 9. c4 c5 10. b3 Qc7 11. Rc1 Rad8 12. Bb1 e5 13. dxe5 Nxe5 14. Qe2 Rfe8 15.
Rfd1 Bf8 16. Bg5 Ned7 17. Bf5 Be7 18. Bh4 g6 19. Bb1 Qc6 20. Bg3 Bf8 21. Qf1 Bg7
22. Ng5 Qc7 23. a3 h6 24. Ngf3 Ne5 25. Nxe5 dxe5 26. f3 Nh5 27. Bh2 f5 28. Qf2
Rd6 29. Nf1 Red8 30. Qe2 Qd7 31. Bc2 Qe6 32. Rxd6 Rxd6 33. Rd1 Kf7 34. Ng3 Nf6
35. Rxd6 Qxd6 36. Qd1 Ke6 37. Kf2 a6 38. Qxd6+ Kxd6 39. Ne2 Ke6 40. Nc1 e4 41.
Ne2 exf3 42. gxf3 Nd7 43. Nf4+ Kf7 44. Nd5 Bxd5 45. cxd5 Be5 46. Bxe5 Nxe5 47.
e4 f4 48. a4 Kf6 49. Bd1 Nd3+ 50. Ke2 Nb4 51. Kd2 Ke5 52. Be2 g5 53. Kc3 h5 54.
Kd2 a5 55. Bd1 Na6 56. Be2 Nc7 57. Kc3 Ne8 58. Kc4 Nd6+ 59. Kc3 g4 60. hxg4 hxg4
61. fxg4 Nxe4+ 62. Kd3 Ng5 63. Bf1 Kxd5 64. Kd2 Kd4 65. Bc4 Ke4 66. Ke2 f3+ 67.
Kf2 Kf4 68. Bb5 Ne4+ 69. Kf1 Nd2+ 70. Kf2 Nxb3 71. g5 Kxg5 72. Kxf3 Nd4+ {White
resigns} 0-1